 Dungeon Crawl Stone Soup version 0.26-a0-612-gd4d190f45e (webtiles) character file.

Game seed: 7653096235515631110

289 DogServant the Ducker (level 6, -8/30 HPs)
             Began as a Spriggan Arcane Marksman on Sept 10, 2020.
             Shot with an arrow by a centaur (10 damage)
             ... on level 4 of the Dungeon.
             The game lasted 00:20:20 (6988 turns).

DogServant the Ducker (Spriggan Arcane Marksman)    Turns: 6988, Time: 00:20:20

Health: -8/30      AC:  6    Str:  3 (6)  XL:     6   Next: 9%
Magic:  9/9        EV: 21    Int: 14 (15) God:
Gold:   276        SH:  0    Dex: 17 (18) Spells: 4/7 levels left

rFire    . . .     SeeInvis +   a - +0 shortbow
rCold    . . .     Faith    .   (shield currently unavailable)
rNeg     . . .     Spirit   .   e - +1 robe
rPois    .         Reflect  .   (helmet restricted)
rElec    .         Harm     .   x - +2 cloak
rCorr    .                      (gloves unavailable)
MR       +....                  (boots unavailable)
Stlth    +++.......             (no amulet)
HPRegen  0.10/turn              (no ring)
MPRegen  0.11/turn              (no ring)

@: hasted, very quick
A: very small, unfitting armour, see invisible, speed 3
a: no special abilities


You were on level 4 of the Dungeon.
You visited 1 branch of the dungeon, and saw 5 of its levels.

You collected 276 gold pieces.

Inventory:

Hand Weapons
 a - a +0 shortbow (weapon)
 s - a +0 dagger
Missiles
 c - 171 stones
 d - 45 arrows (quivered)
 v - 35 sling bullets
Armour
 e - a +1 robe (worn)
 x - a +2 cloak (worn)
Jewellery
 m - an uncursed amulet of the acrobat
 u - an uncursed amulet of the acrobat
 w - an uncursed amulet of faith
Wands
 n - a wand of flame (23)
Scrolls
 l - a scroll of magic mapping {unknown}
 t - a scroll of blinking {unknown}
 y - 2 scrolls of remove curse {unknown}
Potions
 b - a potion of mutation
 h - a potion of curing
 i - a potion of stabbing
 r - a potion of magic {unknown}
 z - a potion of heal wounds {unknown}
 A - a potion of brilliance {unknown}


   Skills:
 + Level 2.2 Fighting
 + Level 1.5 Short Blades
 + Level 4.2 Bows
 + Level 5.3 Dodging
 + Level 4.3 Stealth
 - Level 1.3 Spellcasting
 - Level 3.6 Hexes


You had 4 spell levels left.
You knew the following spells:

 Your Spells              Type           Power        Failure   Level
a - Corona                Hex            ##.....      6%          1
b - Slow                  Hex            ##......     9%          2

Your spell library contained the following spells:

 Spells                   Type           Power        Failure   Level
 Animate Skeleton         Necr           #.....       26%         1
 Pain                     Necr           #...         26%         1
 Inner Flame              Hex/Fire       #.......     36%         3
 Portal Projectile        Hex/Tloc       #.....       36%         3
 Cause Fear               Hex            ##........   50%         4
 Vampiric Draining        Necr           #.........   58%         3
 Leda's Liquefaction      Hex/Erth       #.........   77%         4
 Animate Dead             Necr           #.........   94%         4
 Agony                    Necr           #.......     100%        5


Dungeon Overview and Level Annotations

Branches:
Dungeon (5/15)
 Temple: D:4-7

Altars:
Fedhas
Hepliaklqana
Trog
Xom

Shops:
D:4 ?

Annotations:
D:5 Menkaure


Innate Abilities, Weirdness & Mutations

You are very small and have problems with some larger weapons.
You are too small for most types of armour.
You have supernaturally acute eyesight. (SInv)
You cover ground extremely quickly.


Message History

It was a potion of curing.
You feel better. The centaur completely misses you.
The centaur closely misses you.
It was a potion of stabbing.
You feel ready to backstab. The centaur closely misses you.
Okay, then.
Okay, then.
It was a potion of cancellation.
Your magical effects are unravelling.
You feel magically purged.
You feel less ready to backstab. The centaur hits you.
* * * LOW HITPOINT WARNING * * *
The centaur hits you.
* * * LOW HITPOINT WARNING * * *
Okay, then.
It was a potion of haste.
You feel yourself speed up. The centaur misses you.
The centaur wields a +0 shortbow.
The centaur shoots an arrow.
The arrow hits you!
You die...

#.###.##################
#.......................
#####.#...#...#...#...#.
#.....c.............
#(#...#...#...#...#.
#................... #
####c##################
#.##....(.####.......).###
.........@...'.........'..
#.##.##...####.........###
#.....(# #.......##
#####.### ##.....#####
#.....(.# ##...## #..
#######.#.# ##'## #.#
#.......#.# #.#
#..PP...#.########c#
#.PPPP...(......##.## #


You could see a centaur.

Vanquished Creatures
  2 howler monkeys
  An iguana (D:4)
  A worker ant (D:4)
  4 adders
  An ufetubus (D:3)
  4 worms
  4 dart slugs
  6 leopard geckos
  10 orcs
  A giant cockroach (D:1)
  9 goblins
  6 hobgoblins
  9 jackals
  5 kobolds
  4 quokkas
  6 bats
  3 frilled lizards
  6 rats
82 creatures vanquished.

Notes
Turn   | Place    | Note
-------+----------+-------------------------------------------
     0 | D:1      | DogServant the Spriggan Arcane Marksman began the quest for
                  | the Orb.
     0 | D:1      | Reached XP level 1. HP: 9/9 MP: 3/3
   198 | D:1      | Reached skill level 1 in Stealth
   280 | D:1      | Reached XP level 2. HP: 14/14 MP: 5/5
  1205 | D:2      | Reached skill level 1 in Fighting
  1842 | D:2      | Noticed a moth of wrath
  1845 | D:2      | Found a bloodstained altar of Trog.
  1882 | D:2      | Reached XP level 3. HP: 3/18 MP: 4/6
  2183 | D:2      | Learned a level 2 spell: Slow
  2542 | D:2      | Reached skill level 4 in Dodging
  3497 | D:2      | Reached XP level 4. HP: 10/22 MP: 7/7
  4953 | D:3      | Reached XP level 5. HP: 26/26 MP: 8/8
  5187 | D:3      | Found a bloodstained altar of Trog.
  5622 | D:4      | Found a shimmering altar of Xom.
  5687 | D:4      | Reached skill level 5 in Dodging
  5896 | D:4      | Found a blossoming altar of Fedhas.
  5898 | D:4      | Noticed a centaur
  5948 | D:4      | Reached skill level 1 in Short Blades
  6258 | D:5      | Entered Level 5 of the Dungeon
  6352 | D:5      | Reached XP level 6. HP: 25/30 MP: 9/9
  6852 | D:5      | Noticed Menkaure
  6933 | D:4      | Found Biobrug's Magic Scroll Shoppe.
  6935 | D:4      | Found a hazy altar of Hepliaklqana.
  6986 | D:4      | HP: 1/30 [centaur (4)]
  6988 | D:4      | Shot with an arrow by a centaur

Illustrated notes

Levels and vault maps discovered:
D:1:      dpeg_arrival_orchard, layout_loops_corners
D:2:      layout_basic, tgw_trog
D:3:      layout_rooms, kennysheep_donut, trog_three_pillars_becter
D:4:      layout_loops_corners, lemuel_coloured_pillars_altar,
          lemuel_round_altar, fedhas_bush_and_centaur_altar, serial_shops,
          nicolae_shop_waterfront, shop, shop, kennysheep_generic_room_9,
          uniq_blork_the_orc, uniq_crazy_yiuf_cottage
D:5:      layout_loops_ring, overflow_temple_1_default, portal_sewer_entry_b,
          nicolae_tso_besieged_by_evil, uniq_menkaure

Skill      XL: |  1  2  3  4  5 |
---------------+----------------+-----
Stealth        | 1 2 3 4 |  4.3
Bows           | 3 4 |  4.2
Fighting       | 1 2 |  2.2
Dodging        | 4 5 |  5.3
Short Blades   | 1 |  1.5
Spellcasting   | |  1.3
Hexes          | |  3.6

Action                   |  1- 3 |  4- 6 || total
-------------------------+-------+-------++-------
Melee: Club              |    93 |       ||    93
       Dagger            |    47 |   440 ||   487
 Fire: Shortbow          |    66 |    29 ||    95
Throw: Stone             |    42 |    27 ||    69
       Dart              |       |     6 ||     6
 Cast: Corona            |    10 |     4 ||    14
       Slow              |     2 |       ||     2
  Use: Scroll            |       |     6 ||     6
       Potion            |       |     5 ||     5
 Stab: Sleeping          |     5 |    10 ||    15
Armor: Robe              |    24 |    75 ||    99
Dodge: Dodged            |   162 |   469 ||   631

Table legend: (Time is in decaauts)
 A = Elapsed time spent in this place.
 B = Non-inter-level travel time spent in this place.
 C = Inter-level travel time spent in this place.
 D = Time resting spent in this place.
 E = Time spent auto-exploring this place.
 F = Levels seen in this place.
 G = Mean time per level.
                   A        B        C        D        E       F      G
               +--------+--------+--------+--------+--------+-----+--------+
         Total |   5617 |   5468 |    149 |    242 |   3716 |   5 | 1123.4 |
       Dungeon |   5617 |   5468 |    149 |    242 |   3716 |   5 | 1123.4 |
               +--------+--------+--------+--------+--------+-----+--------+

Top non-repeatable levels by time:
     D:2: 2412 daAuts
     D:3: 997 daAuts
     D:4: 864 daAuts
     D:1: 811 daAuts
     D:5: 531 daAuts
